cohdb
Replays
Latest Replays
All Replays
Popular Replays
Top Player Replays
Match Explorer
How It Works
Community
CoH3 Stats
Reddit
Sign in to upload your games and track your stats! →
Sign in with Steam
Match 24495216
Unlisted
Match 24495216
Overview
Messages
Build Orders
End
Construct Infanterie Kompanie
Selects Breakthrough Battlegroup
Grenadier Squad
Grenadier Squad
Grenadier Squad
GrW 34 Mortar Team
Grenadier Squad
Medical Station
GrW 34 Mortar Team
Grenadier Squad
Construct Panzergrenadier Kompanie
Support Elements
StuG III G Assault Gun
StuG III G Assault Gun
Grenadier Squad
StuG III G Assault Gun
Grenadier Squad
Captain America
xxjesus340
bonaparte
Serial Chiller
BBQman
ga814211
0
0
Comments
sign in to comment!
No comments posted yet!